 Dungeon Crawl Stone Soup version 0.31-a0-983-g7b6862f502 (webtiles) character file.

Game seed: 6238403642172086669

7156 miscthings the Prestidigitator (level 10, -9/77 HPs)
             Began as a Gnoll Artificer on Nov 3, 2023.
             Was a Believer of Ru.
             Killed by vampiric draining
             ... invoked by a vampire
              (18 damage)
             ... on level 10 of the Dungeon.
             The game lasted 00:15:53 (8753 turns).

miscthings the Prestidigitator (Gnoll Artificer)    Turns: 8753, Time: 00:15:53

Health: -9/77      AC: 13    Str: 17    XL:     10   Next: 10%
Magic:  19/19      EV: 14    Int: 10    God:    Ru [**....]
Gold:   255        SH:  0    Dex: 12    Spells: 7/21 levels left

rFire   . . .        v - +8 club (drain)
rCold   . . .        (no shield)
rNeg    . . .        B - +1 leather armour {rPois}
rPois   +            z - +0 helmet
rElec   .            f - +2 cloak {Will+}
rCorr   .            (no gloves)
SInv    +            (no boots)
Will    +....        C - amulet of regeneration Stlth
                     q - ring of see invisible
HPRegen 1.12/turn    u - +4 ring of protection
MPRegen 0.16/turn

%: no passive effects
@: no status effects
A: fangs 1, screaming 1, no stealth, inexperienced 1, strong nose, distributed
training
a: Renounce Religion


You were on level 10 of the Dungeon.
You worshipped Ru.
Ru was pleased with you.
You visited 1 branch of the dungeon, and saw 10 of its levels.

You collected 562 gold pieces.
You spent 307 gold pieces at shops.

Inventory:

Hand Weapons
 v - a +8 club of draining (weapon)
Missiles
 w - a throwing net
 G - a curare-tipped dart (quivered)
Armour
 f - a +2 cloak of willpower (worn)
 z - a +0 helmet (worn)
 B - a +1 leather armour of poison resistance (worn)
 E - +0 acid dragon scales
Jewellery
 k - a ring of poison resistance
 n - a ring of willpower
 o - a +5 ring of evasion
 q - a ring of see invisible (left hand)
 u - a +4 ring of protection (right hand)
 C - an amulet of regeneration (around neck)
 F - a ring of protection from fire
Wands
 c - a wand of flame (7)
 d - a wand of charming (22)
 e - a wand of iceblast (6)
 l - a wand of polymorph (1)
Scrolls
 b - 2 scrolls of immolation
 g - a scroll of enchant armour
 p - a scroll of blinking
 t - 2 scrolls of fog
 x - 4 scrolls of vulnerability
 y - 4 scrolls of teleportation
 D - a scroll of revelation
Potions
 a - a potion of berserk rage {unknown}
 h - 3 potions of might
 i - 2 potions of magic
 j - a potion of attraction {unknown}
 m - a potion of enlightenment
 r - 5 potions of curing
 s - 2 potions of heal wounds
 A - a potion of lignification
 H - a potion of resistance {unknown}


   Skills:
 + Level 6.6 Fighting
 + Level 6.1 Short Blades
 + Level 6.1 Long Blades
 + Level 6.1 Axes
 + Level 6.1 Maces & Flails
 + Level 6.1 Polearms
 + Level 6.1 Staves
 + Level 6.1 Ranged Weapons
 + Level 6.1 Throwing
 + Level 7.7 Armour
 + Level 6.6 Dodging
   Level 0.0 Stealth
 + Level 6.1 Shields
 + Level 6.1 Unarmed Combat
 + Level 6.1 Spellcasting
 + Level 5.0 Conjurations
 + Level 5.0 Hexes
 + Level 5.0 Summonings
 + Level 5.0 Necromancy
 + Level 5.0 Translocations
 + Level 5.0 Transmutations
 + Level 5.0 Fire Magic
 + Level 5.0 Ice Magic
 + Level 5.0 Air Magic
 + Level 5.0 Earth Magic
 + Level 5.0 Poison Magic
 + Level 6.7 Invocations
 + Level 9.0 Evocations
 + Level 5.5 Shapeshifting


You had 7 spell levels left.
You knew the following spells:

 Your Spells              Type           Power      Damage    Failure   Level
a - Brom's Barrelling Bo  Conj/Erth      13%        2d4       28%         4
b - Airstrike             Air            6%         2d(1-17)  28%         4
c - Frozen Ramparts       Ice            26%        1d4       9%          3
d - Swiftness             Air            13%        N/A       9%          3

Your spell library contained the following spells:

 Spells                   Type           Power      Damage    Failure   Level
 Necrotise                Necr           52%        1d6       3%          1
 Shock                    Conj/Air       52%        1d6       3%          1
 Summon Small Mammal      Summ           52%        N/A       3%          1
 Ensorcelled Hibernation  Hex/Ice        26%        N/A       4%          2
 Jinxbite                 Hex            26%        N/A       4%          2
 Passwall                 Tmut/Erth      10%        N/A       4%          2
 Sublimation of Blood     Necr           13%        N/A       4%          2
 Wereblood                Tmut           13%        N/A       4%          2
 Call Canine Familiar     Summ           13%        N/A       9%          3
 Hailstorm                Conj/Ice       13%        3d5       9%          3
 Summon Guardian Golem    Hex/Summ       13%        N/A       9%          3
 Vampiric Draining        Necr           13%        2d6       9%          3
 Anguish                  Hex/Necr       6%         N/A       28%         4
 Leda's Liquefaction      Hex/Erth       6%         N/A       28%         4
 Petrify                  Tmut/Erth      13%        N/A       28%         4
 Summon Ice Beast         Ice/Summ       13%        N/A       28%         4
 Agony                    Necr           13%        N/A       63%         5
 Fireball                 Conj/Fire      6%         3d5       63%         5
 Iskenderun's Battlesphe  Conj           13%        2d7       63%         5
 Lee's Rapid Deconstruct  Erth           6%         3d6*      63%         5
 Metabolic Englaciation   Hex/Ice        6%         N/A       63%         5
 Bombard                  Conj/Erth      6%         9d2       99%         6
 Conjure Ball Lightning   Conj/Air       6%         3x3d6     99%         6
 Simulacrum               Ice/Necr       6%         N/A       99%         6
 Orb of Destruction       Conj           6%         9d6       100%        7
 Summon Hydra             Summ           6%         N/A       100%        7


Dungeon Overview and Level Annotations

Branches:
Dungeon (10/15)            Temple (0/1) D:7            Lair (0/5) D:9
    Orc: D:9-12

Altars:
Dithmenos
Nemelex Xobeh
Okawaru
Qazlal
Ru
Wu Jian

Shops:
D:6 ?[   D:7 !   D:9 *


Innate Abilities, Weirdness & Mutations

You have very sharp teeth.
You occasionally shout uncontrollably at your foes.
You cannot be stealthy.
You are somewhat inexperienced. (-1 XL)
Your uncanny sense of smell can sniff out nearby items.
Your experience applies equally to all skills.


Message History

The vampire points at you and mumbles some strange words.
You resist with almost no effort.
You hit the vampire but do no damage.
The vampire is heavily damaged.
The vampire hits you. The vampire bites you.
The vampire draws strength from your injuries!
You hit the vampire.
The vampire is heavily damaged.
The vampire hits you. The vampire barely misses you.
You hit the vampire but do no damage. Your bite misses the vampire.
The vampire is heavily damaged.
The vampire is stunned by your conviction and fails to attack.
You hit the vampire.
The vampire is heavily damaged.
The vampire hits you. The vampire bites you.
* * * LOW HITPOINT WARNING * * *
The vampire draws strength from your injuries!
You focus your inner power and illuminate the vampire in retribution!
You hit the vampire.
The vampire is severely damaged.
The vampire hits you.
* * * LOW HITPOINT WARNING * * *
The vampire bites you but does no damage.
Aiming: Iceblast
Press: ? - help, Shift-Dir - straight line, p - vampire The mass of ice explodes!
The iceblast engulfs the vampire but does no damage.
The vampire is severely damaged.
You hear a shout! x3
You redirect the vampire's attack!
The vampire misses you. The vampire barely misses you.
You hit the vampire but do no damage.
The vampire is severely damaged.
The vampire draws life force from you!
* * * LOW HITPOINT WARNING * * *
The vampire is healed by the life force!
You thump the vampire! You bite the vampire, but do no damage.
The vampire is severely damaged.
The vampire draws life force from you!!
You die...

..........##...###
######....###...###
######....)........
##......#.#####...##
##......##..#.^.##...
##...>>...##.....# #
#..........##....#
#..........##....#
#.......@..#.....#
#.....(..V...#...#####
####...........##.......#
#.....).......)<..........
#####........#)........:..
#..........#########...
#<.........# ##.
#..........# #>.........#


You could see a vampire (invisible, corona).

Vanquished Creatures
  An unseen horror (D:7)
  3 hornets
  A shadow (D:5)
  A wraith (D:9)
  9 yaks
  An acid dragon (D:9)
  2 water moccasins
  2 black bears
  An ice beast (D:6)
  2 orc warriors
  4 ogres (D:5)
  3 centaurs
  A kobold brigand (D:10)
  3 bullfrogs
  A gnoll sergeant (D:5)
  6 scorpions
  12 wights (D:8)
  20 killer bees
  A howler monkey (D:10)
  6 hounds
  2 orc priests
  3 gnoll boudas
  2 sleepcaps (D:8)
  Crazy Yiuf (D:3)
  Jessica (D:3)
  Ijyb (D:3)
  6 iguanas
  An orc wizard (D:5)
  12 adders
  17 gnolls
  2 shadow imps (D:5)
  A white imp (D:6)
  3 ufetubi (D:5)
  2 worms (D:5)
  6 dart slugs
  16 orcs
  3 bats
  7 endoplasms
  4 giant cockroaches
  6 goblins
  11 hobgoblins
  3 jackals (D:5)
  13 kobolds
  5 quokkas
  7 ball pythons
  A frilled lizard (D:1)
  7 rats
223 creatures vanquished.

Vanquished Creatures (collateral kills)
  A jelly (D:8)
  An orc priest (D:6)
  2 orcs (D:6)
4 creatures vanquished.

Vanquished Creatures (others)
  A yak (D:8)
  A gnoll (D:5)
  A goblin (D:1)
3 creatures vanquished.

Grand Total: 230 creatures vanquished

Notes
Turn   | Place    | Note
-------+----------+-------------------------------------------
     0 | D:1      | miscthings the Gnoll Artificer began the quest for the Orb.
     0 | D:1      | Reached XP level 1. HP: 17/17 MP: 1/1
   276 | D:1      | Reached XP level 2. HP: 23/23 MP: 2/2
   567 | D:1      | Reached XP level 3. HP: 24/28 MP: 3/3
   586 | D:1      | Reached skill level 1 in Invocations
  1036 | D:2      | Reached skill level 1 in Short Blades
  1036 | D:2      | Reached skill level 1 in Long Blades
  1036 | D:2      | Reached skill level 1 in Axes
  1036 | D:2      | Reached skill level 1 in Maces & Flails
  1036 | D:2      | Reached skill level 1 in Polearms
  1036 | D:2      | Reached skill level 1 in Staves
  1036 | D:2      | Reached skill level 1 in Ranged Weapons
  1036 | D:2      | Reached skill level 1 in Throwing
  1036 | D:2      | Reached skill level 1 in Shields
  1036 | D:2      | Reached skill level 1 in Unarmed Combat
  1036 | D:2      | Reached skill level 1 in Spellcasting
  1179 | D:2      | Reached XP level 4. HP: 32/34 MP: 5/5
  1226 | D:2      | Reached skill level 1 in Shapeshifting
  1918 | D:3      | Found an ornate altar of the Wu Jian Council.
  1926 | D:3      | Noticed Jessica
  1945 | D:3      | Killed Jessica
  1946 | D:3      | Reached skill level 1 in Conjurations
  1946 | D:3      | Reached skill level 1 in Hexes
  1946 | D:3      | Reached skill level 1 in Summonings
  1946 | D:3      | Reached skill level 1 in Necromancy
  1946 | D:3      | Reached skill level 1 in Translocations
  1946 | D:3      | Reached skill level 1 in Transmutations
  1946 | D:3      | Reached skill level 1 in Fire Magic
  1946 | D:3      | Reached skill level 1 in Ice Magic
  1946 | D:3      | Reached skill level 1 in Air Magic
  1946 | D:3      | Reached skill level 1 in Earth Magic
  1946 | D:3      | Reached skill level 1 in Poison Magic
  2111 | D:3      | Found a sacrificial altar of Ru.
  2123 | D:3      | Became a worshipper of Ru the Awakened
  2193 | D:3      | Reached XP level 5. HP: 40/40 MP: 6/6
  2333 | D:3      | Noticed Ijyb
  2356 | D:3      | Killed Ijyb
  2484 | D:3      | Found a runed translucent door.
  2485 | D:3      | Noticed Crazy Yiuf
  2500 | D:3      | Killed Crazy Yiuf
  2579 | D:3      | Found a faded altar of an unknown god.
  2960 | D:4      | Reached XP level 6. HP: 47/47 MP: 8/8
  3035 | D:4      | You fall into a shaft and drop 1 floor!
  3035 | D:5      | Entered Level 5 of the Dungeon
  3064 | D:5      | Reached skill level 5 in Armour
  3212 | D:5      | Noticed a shadow
  3282 | D:4      | Found a stormy altar of Qazlal.
  3283 | D:4      | Gained mutation: You occasionally shout uncontrollably at
                  | your foes. [Ru sacrifice]
  3284 | D:4      | Found a sparkling altar of Nemelex Xobeh.
  3590 | D:5      | Reached XP level 7. HP: 52/52 MP: 10/10
  3677 | D:5      | Reached skill level 7 in Evocations
  4030 | D:5      | Reached XP level 8. HP: 30/60 MP: 12/12
  4187 | D:6      | Found Xocsimil's Magic Scroll Shoppe.
  4214 | D:6      | Bought a scroll of fog for 48 gold pieces
  4214 | D:6      | Bought a scroll of vulnerability for 48 gold pieces
  4214 | D:6      | Bought a scroll of teleportation for 36 gold pieces
  4994 | D:6      | Found Ofeph's Armour Emporium.
  5004 | D:6      | Bought a +0 helmet for 63 gold pieces
  5552 | D:7      | Found Xextukh's Distillery.
  5558 | D:7      | Bought a potion of degeneration for 15 gold pieces
  5558 | D:7      | Bought a potion of lignification for 45 gold pieces
  5665 | D:7      | Noticed an unseen horror
  5670 | D:7      | Killed an unseen horror
  5671 | D:7      | Reached XP level 9. HP: 13/67 MP: 13/15
  5951 | D:7      | Found a staircase to the Ecumenical Temple.
  5966 | D:7      | Gained mutation: You cannot be stealthy. [Ru sacrifice]
  5966 | D:7      | Reached * piety under Ru
  6058 | D:7      | Reached skill level 5 in Fighting
  6058 | D:7      | Reached skill level 5 in Dodging
  6616 | D:5      | Reached skill level 8 in Evocations
  6684 | D:5      | Reached skill level 5 in Invocations
  6945 | D:8      | Reached XP level 10. HP: 65/75 MP: 17/17
  6972 | D:8      | Reached skill level 5 in Short Blades
  6972 | D:8      | Reached skill level 5 in Long Blades
  6972 | D:8      | Reached skill level 5 in Axes
  6972 | D:8      | Reached skill level 5 in Maces & Flails
  6972 | D:8      | Reached skill level 5 in Polearms
  6972 | D:8      | Reached skill level 5 in Staves
  6972 | D:8      | Reached skill level 5 in Ranged Weapons
  6972 | D:8      | Reached skill level 5 in Throwing
  6972 | D:8      | Reached skill level 5 in Shields
  6972 | D:8      | Reached skill level 5 in Unarmed Combat
  6972 | D:8      | Reached skill level 5 in Spellcasting
  7511 | D:8      | Reached skill level 5 in Shapeshifting
  7520 | D:8      | Found a shadowy altar of Dithmenos.
  7692 | D:9      | Found Winuw's Demolitions Depot.
  7706 | D:9      | Bought a scroll of immolation for 52 gold pieces
  8019 | D:9      | Found an iron altar of Okawaru.
  8181 | D:9      | Found a staircase to the Lair.
  8485 | D:10     | Identified the "Haozim"
  8485 | D:10     | Entered Level 10 of the Dungeon
  8514 | D:10     | Learned a level 4 spell: Brom's Barrelling Boulder
  8519 | D:10     | Learned a level 4 spell: Airstrike
  8533 | D:10     | Reached XP level 11. HP: 82/83 MP: 19/19
  8551 | D:10     | Learned a level 3 spell: Frozen Ramparts
  8555 | D:10     | Learned a level 3 spell: Swiftness
  8600 | D:10     | Gained mutation: You are somewhat inexperienced. (-1 XL)
                  | [Ru sacrifice]
  8600 | D:10     | Reached XP level 10. HP: 77/77 MP: 18/18
  8600 | D:10     | Reached ** piety under Ru
  8609 | D:10     | Reached skill level 9 in Evocations
  8632 | D:10     | Reached skill level 5 in Conjurations
  8632 | D:10     | Reached skill level 5 in Hexes
  8632 | D:10     | Reached skill level 5 in Summonings
  8632 | D:10     | Reached skill level 5 in Necromancy
  8632 | D:10     | Reached skill level 5 in Translocations
  8632 | D:10     | Reached skill level 5 in Transmutations
  8632 | D:10     | Reached skill level 5 in Fire Magic
  8632 | D:10     | Reached skill level 5 in Ice Magic
  8632 | D:10     | Reached skill level 5 in Air Magic
  8632 | D:10     | Reached skill level 5 in Earth Magic
  8632 | D:10     | Reached skill level 5 in Poison Magic
  8753 | D:10     | Killed from afar by a vampire

Illustrated notes

Levels and vault maps discovered:
D:1:      lightli_arrival_windingriver, layout_loops_ring,
          grunt_decor_one_mirror, minivault_26, nicolae_eternal_life,
          minmay_misc_feat_enclosed, minmay_nonomino_d4
D:2:      layout_basic
D:3:      layout_rooms, nicolae_overflow_hidden_temple,
          mainiacjoe_overflow_brackets,
          dreamdust_ecumenical_altar_angels_and_demons, uniq_crazy_yiuf_cottage,
          uniq_ijyb, uniq_jessica
D:4:      layout_loops_cross, mainiacjoe_overflow_divided_tiny,
          columned_hall_lemuel
D:5:      kennysheep_windowed_halls, layout_loops_ring
D:6:      layout_layer_cave, serial_shops, nicolae_shop_tiny_glass,
          chequers_serial_rivers_room_a, kennysheep_windowed_goal
D:7:      layout_loops_ring, minmay_temple_entry_tees, serial_shops, shop
D:8:      layout_basic, mainiacjoe_overflow_six_doors_small
D:9:      layout_irregular_city, mainiacjoe_overflow_catwalk, lair_entry_dummy,
          nicolae_blasting_shop
D:10:     layout_rooms, palyth_temple_overflow_mages

Skill      XL: |  1  2  3  4  5  6  7  8  9 10 |
---------------+-------------------------------+-----
Invocations    | 1 2 3 4 5 6 |  6.7
Short Blades   | 1 2 3 4 6 |  6.1
Long Blades    | 1 2 3 4 6 |  6.1
Axes           | 1 2 3 4 6 |  6.1
Maces & Flails | 1 2 3 4 6 |  6.1
Polearms       | 1 2 3 4 6 |  6.1
Staves         | 1 2 3 4 6 |  6.1
Ranged Weapons | 1 2 3 4 6 |  6.1
Throwing       | 1 2 3 4 6 |  6.1
Shields        | 1 2 3 4 6 |  6.1
Unarmed Combat | 1 2 3 4 6 |  6.1
Spellcasting   | 1 2 3 4 6 |  6.1
Shapeshifting  | 1 2 3 4 5 |  5.5
Conjurations   | 1 2 3 4 5 |  5.0
Hexes          | 1 2 3 4 5 |  5.0
Summonings     | 1 2 3 4 5 |  5.0
Necromancy     | 1 2 3 4 5 |  5.0
Translocations | 1 2 3 4 5 |  5.0
Transmutations | 1 2 3 4 5 |  5.0
Fire Magic     | 1 2 3 4 5 |  5.0
Ice Magic      | 1 2 3 4 5 |  5.0
Air Magic      | 1 2 3 4 5 |  5.0
Earth Magic    | 1 2 3 4 5 |  5.0
Poison Magic   | 1 2 3 4 5 |  5.0
Fighting       | 3 4 5 6 |  6.6
Dodging        | 3 4 5 6 |  6.6
Stealth        | 3 4 0 |  0.0
Armour         | 5 6 7 |  7.7
Evocations     | 7 8 9 |  9.0

Action                     |  1- 3 |  4- 6 |  7- 9 | 10-12 || total
---------------------------+-------+-------+-------+-------++-------
  Melee: Whip              |   112 |    49 |       |       ||   161
         Club              |     7 |   134 |   369 |   346 ||   856
         Bite              |    11 |    17 |    33 |    48 ||   109
         Punch             |       |     4 |     9 |    13 ||    26
 Invoke: Sacrifice Purity  |       |     1 |       |       ||     1
         Sacrifice Stealth |       |       |     1 |       ||     1
         Sacrifice Experie |       |       |       |     1 ||     1
  Evoke: Wand              |     1 |     7 |    15 |    10 ||    33
    Use: Scroll            |       |     9 |     6 |     2 ||    17
         Potion            |       |       |     1 |       ||     1
   Stab: Sleeping          |     1 |       |       |       ||     1
         Distracted        |       |       |     1 |       ||     1
 Armour: Leather armour    |    46 |       |       |   145 ||   191
         Scale mail        |    27 |   142 |   281 |    46 ||   496
         Skin              |       |       |     5 |       ||     5
  Dodge: Dodged            |    53 |   105 |   250 |   317 ||   725

Table legend: (Time is in decaauts)
 A = Elapsed time spent in this place.
 B = Non-inter-level travel time spent in this place.
 C = Inter-level travel time spent in this place.
 D = Time resting spent in this place.
 E = Time spent auto-exploring this place.
 F = Levels seen in this place.
 G = Mean time per level.
                   A        B        C        D        E       F      G
               +--------+--------+--------+--------+--------+-----+--------+
         Total |   8831 |   8423 |    408 |    469 |   5641 |  10 |  883.1 |
       Dungeon |   8831 |   8423 |    408 |    469 |   5641 |  10 |  883.1 |
               +--------+--------+--------+--------+--------+-----+--------+

Top non-repeatable levels by time:
     D:6: 1474 daAuts
     D:5: 1218 daAuts
     D:2: 986 daAuts
     D:9: 970 daAuts
     D:1: 943 daAuts
     D:7: 920 daAuts
     D:3: 713 daAuts
     D:8: 695 daAuts
     D:4: 686 daAuts
    D:10: 221 daAuts
